 Dungeon Crawl Stone Soup version 0.25-a0-890-g62861fb (webtiles) character file.

Game seed: 15469535131028754070, levelgen mode: deterministic

495 Faca the Slinger (level 7, 0/49 HPs)
             Began as a Halfling Hunter on May 7, 2020.
             Was a Follower of Okawaru.
             Slain by a quokka skeleton (2 damage)
             ... on level 4 of the Dungeon.
             The game lasted 00:09:02 (3677 turns).

Faca the Slinger (Halfling Hunter)                  Turns: 3677, Time: 00:09:02

Health: 0/49       AC: 12    Str: 12 (15) XL:     7   Next: 38%
Magic:  7/7        EV: 13    Int:  6 (9)  God:    Okawaru [*.....]
Gold:   134        SH:  5    Dex: 14 (15) Spells: 6/6 levels left

rFire    + . .     SeeInvis .   b - +0 short sword
rCold    . . .     Gourm    .   (shield restricted)
rNeg     . . .     Faith    .   e - +0 ring mail
rPois    .         Spirit   .   s - +0 helmet
rElec    .         Reflect  +   (no cloak)
rCorr    .         Harm     .   g - +1 pair of gloves
MR       .....                  q - +0 pair of boots
Stlth    +.........             i - +5 amulet of reflection
HPRegen  0.16/turn              p - +3 ring of protection
MPRegen  0.10/turn              t - ring of protection from fire

@: lethally poisoned (0 -> -6), flying
A: small, mutation resistance 1
a: Heroism, Renounce Religion


You were on level 4 of the Dungeon.
You worshipped Okawaru.
Okawaru was aware of your devotion.
You were not hungry.

You visited 1 branch of the dungeon, and saw 4 of its levels.

You collected 134 gold pieces.

Inventory:

Hand Weapons
 a - a +2 hunting sling
 b - a +0 short sword (weapon)
Missiles
 c - 5 boomerangs
 d - 30 sling bullets
 h - 2 datura-tipped darts (quivered)
 m - 65 stones
Armour
 e - a +0 ring mail (worn)
 g - a +1 pair of gloves (worn)
 q - a +0 pair of boots (worn)
 s - a +0 helmet (worn)
Jewellery
 i - a +5 amulet of reflection (around neck)
 p - a +3 ring of protection (left hand)
 t - a ring of protection from fire (right hand)
 w - an uncursed ring of protection from cold
Scrolls
 k - a scroll of remove curse
Potions
 l - 2 potions of haste
 o - 2 potions of resistance
 r - a potion of might
 u - a potion of curing {unknown}
Comestibles
 f - 7 rations
 z - 3 chunks of flesh


   Skills:
 + Level 4.3 Fighting
 + Level 4.1 Short Blades
 + Level 8.6 Slings
 - Level 2.1 Dodging
 - Level 1.1 Stealth


You had 6 spell levels left.
You didn't know any spells.
Your spell library contained the following spells:

 Spells                   Type           Power        Failure   Level  Hunger
 Animate Skeleton         Necr           N/A          75%         1    ##.....
 Apportation              Tloc           #.....       75%         1    ##.....
 Corona                   Hex            #......      75%         1    ##.....
 Summon Small Mammal      Summ           #...         75%         1    ##.....
 Ensorcelled Hibernation  Hex/Ice        #.....       86%         2    ###....
 Confusing Touch          Hex            #.......     98%         3    ####...
 Dazzling Flash           Conj/Hex       #.....       98%         3    ####...
 Tukima's Dance           Hex            #.......     98%         3    ####...


Dungeon Overview and Level Annotations

Branches:
Dungeon (4/15)
 Temple: D:4-7

Altars:
Cheibriados
Nemelex Xobeh
Okawaru

Annotations:
D:4 Eustachio


Innate Abilities, Weirdness & Mutations

You are small and have problems with some larger weapons.
You are somewhat resistant to further mutation.


Message History

The ooze jiggles.
You block the ooze's attack. The quokka skeleton barely misses you.
You hit the quokka skeleton.
The quokka skeleton is heavily damaged.
* * * LOW HITPOINT WARNING * * *
You feel sick. The ooze hits you.
* * * LOW HITPOINT WARNING * * *
The quokka skeleton misses you.
It was a potion of degeneration.
There was something very wrong with that liquid.
You feel weakened.
You feel dopey.
You feel clumsy.
* * * LOW HITPOINT WARNING * * *
You feel sick. The ooze closely misses you.
The quokka skeleton bites you but does no damage.
It was a potion of flight.
You feel very buoyant.
You fly up into the air.
* * * LOW HITPOINT WARNING * * *
You feel sick. The ooze barely misses you. The quokka skeleton bites you.
You die...

## ###.# #### ##..$### #
###..###......#.
#....#...........#
######..#......#..#...#
###...#...#......#..#....
..#...#..................
..........(.....@Z.......
........#.##...(.J†......
........####...)......#..
........## #.........##
...).....# #............
...............>........
#.........##......##.###.
#.<......###....#.# ...
##.......# #....### ...


You could see an ooze and a quokka skeleton.

Vanquished Creatures
  Sigmund (D:3)
  An ogre (D:4)
  A scorpion (D:4)
  2 howler monkeys (D:4)
  Jessica (D:3)
  Robin (D:1)
  2 adders
  2 worms (D:3)
  A leopard gecko (D:3)
  8 orcs
  2 giant cockroaches
  8 goblins
  7 hobgoblins
  3 jackals (D:4)
  9 kobolds
  2 quokkas
  3 bats
  3 frilled lizards
  3 rats
60 creatures vanquished.

Notes
Turn   | Place    | Note
-------+----------+-------------------------------------------
     0 | D:1      | Faca the Halfling Hunter began the quest for the Orb.
     0 | D:1      | Reached XP level 1. HP: 14/14 MP: 1/1
   139 | D:1      | Reached skill level 6 in Slings
   552 | D:1      | Reached XP level 2. HP: 15/19 MP: 2/2
  1230 | D:2      | Found an iron altar of Okawaru.
  1234 | D:2      | Found a sparkling altar of Nemelex Xobeh.
  1239 | D:2      | Became a worshipper of Warmaster Okawaru
  1248 | D:2      | Found a snail-covered altar of Cheibriados.
  1514 | D:2      | Noticed Robin
  1516 | D:2      | Reached XP level 3. HP: 25/25 MP: 3/3
  1668 | D:1      | Killed Robin
  2104 | D:3      | Reached XP level 4. HP: 16/30 MP: 4/4
  2445 | D:3      | Noticed Sigmund
  2588 | D:3      | Killed Sigmund
  2588 | D:3      | Reached skill level 7 in Slings
  2588 | D:3      | Reached XP level 5. HP: 36/36 MP: 5/5
  2588 | D:3      | Reached XP level 6. HP: 42/42 MP: 6/6
  2980 | D:3      | Reached * piety under Okawaru
  3451 | D:3      | Noticed Jessica
  3457 | D:3      | Killed Jessica
  3457 | D:3      | Reached skill level 8 in Slings
  3587 | D:4      | Noticed an ogre
  3599 | D:4      | Killed an ogre
  3599 | D:4      | Reached XP level 7. HP: 45/48 MP: 7/7
  3621 | D:4      | Noticed Eustachio
  3677 | D:4      | HP: 2/49 [poisoned by a scorpion]
  3677 | D:4      | Slain by a quokka skeleton

Levels and vault maps discovered:
D:1:      dpeg_arrival_orchard, layout_rooms
D:2:      layout_loops_cross, minmay_overflow_temple_star_quad, uniq_robin
D:3:      layout_basic, uniq_jessica, uniq_sigmund
D:4:      layout_cave_pools, uniq_eustachio, uniq_ijyb

Skill      XL: |  1  2  3  4  5  6  7 |
---------------+----------------------+-----
Slings         | 6 7 8 |  8.6
Fighting       | 2 3 4 |  4.3
Short Blades   | 2 3 4 |  4.1
Dodging        | |  2.1
Stealth        | |  1.1

Action                   |  1- 3 |  4- 6 |  7- 9 || total
-------------------------+-------+-------+-------++-------
Melee: Short sword       |   140 |   176 |    61 ||   377
 Fire: Hunting sling     |       |    10 |       ||    10
  Use: Scroll            |     7 |     4 |       ||    11
       Potion            |       |       |     4 ||     4
 Stab: Distracted        |       |     2 |       ||     2
  Eat: Chunk             |     3 |     6 |       ||     9
Armor: Leather armour    |    10 |       |       ||    10
       Ring mail         |    27 |    55 |    38 ||   120
Dodge: Dodged            |    67 |   114 |    53 ||   234
Block: Other             |    34 |    51 |    21 ||   106
       Reflection        |     1 |     1 |       ||     2

Table legend:
 A = Non-vault XP
 B = Vault XP
 C = Vault XP percentage of total XP
 D = Non-vault monster count
 E = Vault monster count
 F = Vault count percentage of total count
                 A         B        C        D         E       F
            +---------+---------+-------+---------+---------+-------
      Total |     420 |     288 |  40.7 |      49 |      11 |  18.3
            +---------+---------+-------+---------+---------+-------
        D:1 |      18 |      17 |  48.6 |      11 |       2 |  15.4
        D:2 |      29 |      14 |  32.6 |       9 |       7 |  43.8
        D:3 |      62 |     257 |  80.6 |      21 |       2 |   8.7
        D:4 |     311 |       0 |   0.0 |       8 |       0 |   0.0
            +---------+---------+-------+---------+---------+-------
